 Dungeon Crawl Stone Soup version 0.31-a0-233-g139696dc86 (webtiles) character file.

Game seed: 16426970298055595153

150 qw the Shooter (level 5, 0/42 HPs)
             Began as a Minotaur Hexslinger on July 8, 2023.
             Slain by an iguana (3 damage)
             ... on level 6 of the Dungeon.
             The game lasted 00:00:33 (1177 turns).

qw the Shooter (Minotaur Hexslinger)                Turns: 1177, Time: 00:00:34

Health: 0/42       AC: 10    Str: 12    XL:     5   Next: 10%
Magic:  5/5        EV: 11    Int: 10    God:
Gold:   127        SH:  0    Dex: 15    Spells: 5/6 levels left

rFire   . . .        c - +1 sling (heavy)
rCold   . . .        (no shield)
rNeg    . . .        b - +0 ring mail
rPois   .            (helmet restricted)
rElec   .            (no cloak)
rCorr   .            j - +0 pair of gloves
SInv    .            (no boots)
Will    .....        (no amulet) Stlth
                     a - +4 ring of protection
HPRegen 0.27/turn    (no ring)
MPRegen 0.09/turn

%: no passive effects
@: confused
A: horns 2, retaliatory headbutt
a: no special abilities


You were on level 6 of the Dungeon.
You visited 1 branch of the dungeon, and saw 4 of its levels.

You collected 127 gold pieces.


Innate Abilities, Weirdness & Mutations

You have a pair of horns on your head.
You reflexively headbutt those who attack you in melee.


   Skills:
 + Level 2.3 Fighting
 - Level 5.1 Ranged Weapons
 - Level 1.8 Armour
 - Level 2.1 Dodging
 - Level 1.0 Spellcasting
 - Level 2.0 Hexes


You had 5 spell levels left.
You knew the following spells:

 Your Spells              Type           Power      Damage    Failure   Level
a - Slow                  Hex            16%        N/A       32%         1

Your spell library contained the following spells:

 Spells                   Type           Power      Damage    Failure   Level
 Inner Flame              Hex/Fire       2%         N/A       83%         3
 Portal Projectile        Hex/Tloc       4%         N/A       83%         3
 Cause Fear               Hex            2%         N/A       97%         4

Inventory:

Hand Weapons
 c - a +1 heavy sling (weapon)
Armour
 b - a +0 ring mail (worn)
 j - a +0 pair of gloves (worn)
Jewellery
 a - a +4 ring of protection (left hand)
Scrolls
 g - a scroll of identify
Potions
 e - 2 potions of might
 i - a potion of haste {unknown}
 k - a potion of magic {unknown}

Dungeon Overview and Level Annotations

Branches:
Dungeon (3/15)

Altars:

Shops:
D:1 (   D:3 =


Message History

You kill the orc!
The orc closely misses you. You furiously retaliate!
You headbutt the orc.
The orc wizard mumbles some strange words.
The orc wizard flickers and vanishes!
Deactivating autopickup; reactivate with Ctrl-A.
The iguana closely misses you. The orc hits you but does no damage. x2
The iguana bites you but does no damage.
The orc completely misses you. Something hits you but does no damage.
You shoot a sling bullet.
The sling bullet closely misses the orc.
The orc hits you but does no damage. The orc barely misses you.
The iguana bites you but does no damage.
Something hits you but does no damage. Something completely misses you.
The iguana bites you. The orc closely misses you.
The orc hits you but does no damage.
You shoot a sling bullet. The sling bullet hits the iguana!
The iguana is severely wounded.
The orc closely misses you. x2; You furiously retaliate!
You headbutt the orc. The iguana completely misses you.
Something hits you but does no damage. The iguana misses you.
You hear some strange, mumbled words.
You are confused.
The orc barely misses you. x2
The orc misses you. The orc barely misses you. Something hits you.
The iguana closely misses you. The orc completely misses you.
The orc misses you. Something hits you but does no damage.
The iguana bites you.
The orc hits you with a +0 short sword. x2
You hear some strange, mumbled words.
A puff of flame appears from out of thin air!
The puff of flame hits you. The iguana bites you! The orc barely misses you. x2
You hear some strange, mumbled words.
You are more confused.
The iguana barely misses you. The orc hits you with a +0 short sword.
The orc hits you but does no damage. Something hits you but does no damage.
The iguana barely misses you. The orc barely misses you.
The orc hits you but does no damage. Something hits you but does no damage.
The iguana bites you.
You die...

##########
#........#+####
#..............
#.....![......
#...........
#....oo{.#
#....)@l.#
#........#
#........#
##########


You could see an iguana and 2 orcs.

Vanquished Creatures
  A bullfrog (D:6)
  A jelly (D:6)
  2 adders
  A dart slug (D:1)
  2 orcs (D:6)
  4 endoplasms
  4 giant cockroaches
  2 goblins
  3 hobgoblins (D:2)
  A kobold (D:1)
  2 quokkas (D:2)
  2 ball pythons (D:1)
  2 bats (D:1)
  2 frilled lizards
  4 rats (D:2)
33 creatures vanquished.

Notes
Turn   | Place    | Note
-------+----------+-------------------------------------------
     0 | D:1      | qw the Minotaur Hexslinger began the quest for the Orb.
     0 | D:1      | Reached XP level 1. HP: 16/16 MP: 1/1
     0 | D:1      | 0 ||| qw: Version: 0.3-a-46-gb1f654a
     0 | D:1      | 0 ||| qw: Game counter: 3647
     0 | D:1      | 0 ||| qw: Melee chars always use a shield: true
     0 | D:1      | 0 ||| qw: God list: Okawaru
     0 | D:1      | 0 ||| qw: Allow faded altars: false
     0 | D:1      | 0 ||| qw: Do Orc after clearing Dungeon:15 true
     0 | D:1      | 0 ||| qw: Do second Lair branch before Depths: true
     0 | D:1      | 0 ||| qw: Lair rune preference: random
     0 | D:1      | 0 ||| qw: Goals: Normal
     0 | D:1      | 0 ||| PLANNING D:1-11
    91 | D:1      | Found Wafop's Weapon Shoppe.
   154 | D:1      | Reached skill level 3 in Ranged Weapons
   184 | D:1      | Reached XP level 2. HP: 23/23 MP: 2/2
   210 | D:1      | Found a faded altar of an unknown god.
   559 | D:1      | 559 ||| UPGRADING to +0 pair of gloves.
   564 | D:1      | 564 ||| UPGRADING to +0 leather armour.
   574 | D:1      | 574 ||| DROPPING +0 robe.
   575 | D:1      | 575 ||| READING scroll labelled EXKIUL ITIADUT.
   576 | D:1      | 576 ||| READING 2 scrolls labelled XAMERU ENAGH.
   577 | D:1      | 577 ||| READING scroll labelled ODATHR RANARO.
   578 | D:1      | 578 ||| READING scroll labelled CEBLEY XENOSM.
   579 | D:1      | 579 ||| READING scroll labelled VIBBE HIMU.
   580 | D:1      | 580 ||| READING scroll labelled LEKOGUO AQIKIL.
   581 | D:1      | 581 ||| DRINKING 2 white potions.
   582 | D:1      | 582 ||| DROPPING scroll of poison.
   683 | D:2      | Reached XP level 3. HP: 29/29 MP: 3/3
   795 | D:2      | 795 ||| FLEEEEING.
   796 | D:2      | 796 ||| FLEEEEING.
   797 | D:2      | 797 ||| FLEEEEING.
   798 | D:2      | 798 ||| FLEEEEING.
   799 | D:2      | 799 ||| FLEEEEING.
   800 | D:2      | 800 ||| FLEEEEING.
   801 | D:2      | 801 ||| FLEEEEING.
   808 | D:2      | 808 ||| FLEEEEING.
   809 | D:2      | 809 ||| FLEEEEING.
   810 | D:2      | 810 ||| FLEEEEING.
   811 | D:2      | 811 ||| FLEEEEING.
   812 | D:2      | 812 ||| FLEEEEING.
   816 | D:2      | 816 ||| FLEEEEING.
   817 | D:2      | 817 ||| FLEEEEING.
   818 | D:2      | 818 ||| FLEEEEING.
  1094 | D:2      | 1094 ||| UPGRADING to +0 ring mail.
  1104 | D:2      | 1104 ||| DROPPING +0 leather armour.
  1105 | D:2      | 1105 ||| UPGRADING to +4 ring of protection.
  1106 | D:2      | 1106 ||| READING scroll labelled JEPSOA JEDEUTA.
  1110 | D:2      | 1110 ||| READING 2 scrolls of identify.
  1110 | D:2      | 1110 ||| IDENTIFYING pink potion
  1145 | D:3      | Found Duiwiah's Jewellery Shop.
  1152 | D:3      | 1152 ||| SHOPLISTING +5 ring of evasion (504 gold, have
                  | 127).
  1152 | D:3      | 1152 ||| SHOPLISTING +6 ring of strength (504 gold, have
                  | 127).
  1152 | D:3      | 1152 ||| SHOPLISTING amulet of the acrobat (420 gold, have
                  | 127).
  1152 | D:3      | 1152 ||| SHOPLISTING ring of fire (350 gold, have 127).
  1152 | D:3      | 1152 ||| SHOPLISTING ring of poison resistance (280 gold,
                  | have 127).
  1152 | D:3      | 1152 ||| SHOPLISTING ring of protection from fire (350
                  | gold, have 127).
  1152 | D:3      | 1152 ||| SHOPLISTING ring of willpower (350 gold, have
                  | 127).
  1152 | D:3      | You fall into a shaft and drop 3 floors!
  1154 | D:6      | Noticed a bullfrog
  1160 | D:6      | Killed a bullfrog
  1161 | D:6      | Reached skill level 5 in Ranged Weapons
  1161 | D:6      | Reached XP level 4. HP: 18/36 MP: 4/4
  1162 | D:6      | Reached skill level 1 in Armour
  1162 | D:6      | Reached XP level 5. HP: 17/41 MP: 5/5
  1163 | D:6      | HP: 7/41 [orc wizard/magic dart (6)]
  1164 | D:6      | 1164 ||| DRINKING potion of heal wounds.
  1174 | D:6      | HP: 5/42 [iguana (9)]
  1177 | D:6      | Slain by an iguana

Levels and vault maps discovered:
D:1:      dpeg_arrival_simpleton_c, layout_basic, shapermc_ecumenical_altar_gd,
          serial_shops, nicolae_shop_bloodbath_and_beyond
D:2:      layout_rooms, dk_noncrumbling_4
D:3:      layout_loops_ring, serial_shops, nicolae_shop_window_shopping, shop,
          nicolae_shop_rolling_square, shop, nicolae_shop_just_a_little_nook,
          minmay_joined_circles
D:6:      layout_basic, uniq_sigmund

Skill      XL: |  1  2  3  4 |
---------------+-------------+-----
Ranged Weapons | 3 5 |  5.1
Fighting       | 2 |  2.3
Armour         | 1 |  1.8
Dodging        | |  2.1
Spellcasting   | |  1.0
Hexes          | |  2.0

Action                     |  1- 3 |  4- 6 || total
---------------------------+-------+-------++-------
   Fire: Sling             |    67 |    10 ||    77
    Use: Scroll            |     8 |       ||     8
         Potion            |     1 |     1 ||     2
 Armour: Robe              |     5 |       ||     5
         Ring mail         |     9 |    24 ||    33
         Leather armour    |     2 |       ||     2
  Dodge: Dodged            |    27 |    44 ||    71

Table legend:
 A = Non-vault XP
 B = Vault XP
 C = Vault XP percentage of total XP
 D = Non-vault monster count
 E = Vault monster count
 F = Vault count percentage of total count
                 A         B        C        D         E       F
            +---------+---------+-------+---------+---------+-------
      Total |     215 |       0 |   0.0 |      33 |       0 |   0.0
            +---------+---------+-------+---------+---------+-------
        D:1 |      24 |       0 |   0.0 |      13 |       0 |   0.0
        D:2 |      36 |       0 |   0.0 |      15 |       0 |   0.0
        D:6 |     155 |       0 |   0.0 |       5 |       0 |   0.0
            +---------+---------+-------+---------+---------+-------
